Map: Goldenaura LE

Players

IIIIIIIIIIII

  • Race: Terran Terran
  • Spawn Location: 5:00

A.I. 1 (Very Easy) - Winner!

  • Race: Protoss Protoss
  • Spawn Location: 12:00

VOD

Have the link to the VOD?

Description

for me

Time

  • Played on: Nov. 23, 2023, 3:40 a.m.
  • Length: 9:37
Show
View Real Time Build Order
Export as new Build Order

IIIIIIIIIIII Terran 

Build Orders: Reaper Expand 

Get SALT Encoding   

  12  0:00  SCV  
  13  0:12  SCV  
  14  0:17  Supply Depot  
  14  0:24  SCV  
  15  0:39  SCV  
  15  0:40  Barracks  
  16  0:43  Refinery  
  16  0:51  SCV  
  17  1:03  SCV  
  18  1:15  SCV  
  19  1:27  Orbital Command  
  19  1:28  Reaper  
  19  1:43  Command Center  
  19  1:53  Supply Depot  
  19  1:54  SCV  
  19  1:59  Marine  
  21  2:08  Factory  
  21  2:10  SCV  
  21  2:15  Refinery  
  22  2:20  Barracks Reactor  
  22  2:24  SCV  
  22  2:28  Bunker  
  23  2:36  SCV  
  24  2:48  SCV  
  25  2:54  Hellion  
  25  2:55  Starport  
  27  2:58  Orbital Command  
  27  3:03  SCV  
  28  3:08  Marine  
  28  3:09  Marine  
  30  3:15  SCV  
  30  3:18  Widow Mine  
  33  3:26  SCV  
  34  3:27  SCV  
  34  3:29  Marine x2  
  34  3:31  Medivac  
  39  3:38  SCV  
  39  3:39  Supply Depot, SCV  
  41  3:41  Factory Tech Lab  
  41  3:46  Marine  
  41  3:47  Marine  
  43  3:51  SCV x2  
  45  4:01  Supply Depot  
  45  4:04  SCV x2, Marine x2  
  49  4:10  Raven, Cyclone  
  49  4:16  SCV  
  54  4:20  Barracks  
  54  4:23  SCV  
  54  4:24  Marine  
  55  4:26  Marine  
  55  4:27  Barracks  
  55  4:28  Supply Depot  
  55  4:31  SCV  
  58  4:35  SCV  
  59  4:39  Engineering Bay  
  59  4:41  Refinery  
  59  4:43  Marine  
  59  4:44  Marine  
  59  4:45  Factory Tech Lab  
  61  4:50  SCV x2  
  63  4:53  Supply Depot  
  63  4:54  Starport Reactor  
  63  4:58  Refinery  
  63  5:02  Marine x2  
  63  5:06  SCV x2  
  67  5:11  Terran Infantry Weapons Level 1  
  67  5:17  Stimpack  
  67  5:20  SCV x2, Marine  
  71  5:23  Factory Reactor  
  71  5:24  Supply Depot  
  71  5:25  Marine  
  71  5:26  Marauder  
  73  5:29  Marauder  
  73  5:33  SCV  
  73  5:34  SCV  
  77  5:47  Supply Depot  
  77  5:49  Command Center  
  77  5:53  Marauder  
  77  5:55  Marauder  
  81  5:59  Medivac  
  81  6:00  Medivac  
  85  6:09  Widow Mine x2  
  85  6:10  Supply Depot  
  89  6:12  SCV x2  
  89  6:13  Marine  
  89  6:14  Marine  
  93  6:19  Combat Shield  
  93  6:29  Supply Depot  
  93  6:32  Marauder x2  
  97  6:36  Barracks  
  97  6:37  Barracks  
  97  6:39  SCV x2  
  99  6:43  Widow Mine  
  101  6:50  Supply Depot  
  101  6:51  Supply Depot, Widow Mine  
  101  6:53  Medivac  
  105  6:55  Medivac  
  105  7:00  Marauder  
  105  7:01  Marauder  
  111  7:05  Orbital Command  
  111  7:11  Concussive Shells  
  111  7:12  Marine x2  
  111  7:14  Widow Mine x2  
  117  7:21  Terran Infantry Armor Level 1  
  117  7:23  Marauder  
  117  7:24  Marauder  
  117  7:26  Barracks Reactor, Barracks Tech Lab  
  121  7:30  Medivac  
  121  7:32  Medivac  
  125  7:38  Supply Depot  
  125  7:39  Supply Depot  
  125  7:41  Marine x2  
  127  7:45  Widow Mine x2  
  127  7:47  Orbital Command  
  127  7:48  Marauder  
  127  7:49  Marauder  
  135  7:54  SCV x2  
  135  7:56  Marauder  
  139  8:03  Marine x4  
  143  8:06  Medivac x2  
  143  8:09  Widow Mine  
  143  8:11  Widow Mine  
  151  8:16  SCV x3  
  154  8:27  Marauder, Supply Depot  
  156  8:28  Supply Depot  
  156  8:33  Engineering Bay  
  156  8:37  Armory  
  156  8:48  Marauder, Widow Mine, Medivac x2  
  164  8:49  SCV  
  164  8:50  Supply Depot, Widow Mine, Marauder, SCV  
  164  8:52  Supply Depot, SCV  
  164  8:55  Marauder  
  173  9:12  Marine x4  
  173  9:13  Marauder x2  
  173  9:15  Command Center  
  173  9:16  Marauder  
  183  9:18  SCV x3  
Show
View Real Time Build Order
Export as new Build Order

A.I. 1 (Very Easy) Protoss - Winner!

Build Orders:  

Get SALT Encoding   

  12  0:00  Probe  
  13  0:13  Probe  
  14  0:20  Pylon  
  14  0:37  Assimilator  
  14  0:43  Gateway  
  14  0:45  Pylon  
  14  1:13  Assimilator  
  14  1:17  Probe  
  14  1:25  Probe  
  16  1:33  Probe  
  16  1:35  Cybernetics Core  
  17  1:44  Probe  
  18  1:55  Probe  
  18  2:00  Warp Gate  
  19  2:03  Probe  
  20  2:11  Stalker  
  22  5:25  Zealot  
  22  5:27  Probe  
  22  5:28  Pylon  
  25  5:30  Robotics Facility  
  25  5:38  Probe  
  26  5:46  Probe  
  26  5:54  Probe  
  27  6:03  Pylon  
  26  6:06  Probe  
  27  6:12  Observer  
  27  6:18  Probe  
  29  6:19  Zealot  
  31  6:29  Observer  
  32  7:04  Nexus  
  32  7:12  Stalker  
  34  8:07  Observer  
  34  8:17  Probe  
  35  8:22  Probe  
  35  8:25  Assimilator  
  36  8:28  Assimilator  
  36  8:31  Probe  
  37  8:34  Probe  
  38  8:46  Probe  
  39  8:53  Probe  
  40  9:00  Probe  
  41  9:07  Probe  
  42  9:12  Probe  
  43  9:21  Probe  
  44  9:24  Probe  
Tags
 
Add a new tag
Caveats
  • Supply blocks, unpowered buildings, or Contaminate may cause inaccurate times.
  • Supply counts are checked every 10 seconds.